 Dungeon Crawl Stone Soup version 0.20-a0-738-gb057e68 (webtiles) character file.

688 polly the Ruffian (level 7, -10/82 HPs)
             Began as a Demonspawn Gladiator on Feb 23, 2017.
             Was a Follower of Okawaru.
             Killed by divine providence
             ... invoked by an orc priest
              (12 damage)
             ... on level 3 of the Dungeon.
             The game lasted 00:05:28 (3091 turns).

polly the Ruffian (Demonspawn Gladiator)            Turns: 3091, Time: 00:05:30

Health: -10/82     AC: 23    Str: 16    XL:     7   Next: 36%
Magic:  6/12       EV:  2    Int:  9    God:    Okawaru [*.....]
Gold:   190        SH:  0    Dex: 20    Spells: 12/12 levels left

rFire    + . .     SeeInvis .     - Unarmed
rCold    + . .     Gourm    .   (armour currently unavailable)
rNeg     + + +     Faith    .   (no shield)
rPois    +         Spirit   .   (helmet currently unavailable)
rElec    +         Reflect  .   (cloak currently unavailable)
rCorr    +         Harm     .   (gloves currently unavailable)
MR       .....     NoTele   +   (boots currently unavailable)
Stlth    ++++......             (no amulet)
Regen    0.3/turn               (no ring)
MPRegen  0.2/turn               (no ring)

@: agile, tree-form, resistant
A: (claws 0), (slimy green scales 0)
a: Heroism, Renounce Religion


You were on level 3 of the Dungeon.
You worshipped Okawaru.
Okawaru was aware of your devotion.
You were not hungry.
You were a tree.
You visited 1 branch of the dungeon, and saw 3 of its levels.

You collected 190 gold pieces.

Inventory:

Missiles
 d - 2 throwing nets (quivered)
Armour
 c - a +0 helmet (melded)
 e - a scarf of resistance
 q - a +0 cloak (melded)
 u - a +0 chain mail (melded)
Jewellery
 m - an uncursed ring of protection from magic {unknown}
 r - an uncursed amulet of faith {unknown}
Wands
 b - a wand of flame (23/48)
Scrolls
 a - a scroll of blinking {unknown}
 g - 3 scrolls of identify {unknown}
 h - a scroll of random uselessness {unknown}
 l - 2 scrolls of remove curse {unknown}
 n - a scroll of teleportation {unknown}
 o - a scroll of immolation {unknown}
 p - a scroll of magic mapping {unknown}
Books
 t - a book of Geomancy

   Spells                             Type                      Level
   a - Sandblast                      Earth                        1
   b - Passwall                       Transmutation/Earth          2
   c - Stone Arrow                    Conjuration/Earth            3
   d - Petrify                        Transmutation/Earth          4
   e - Lee's Rapid Deconstruction     Earth                        5
Comestibles
 f - 2 bread rations
 v - a meat ration


   Skills:
 + Level 4.9 Fighting
   Level 2.9 Long Blades
 - Level 1.7 Throwing
 + Level 4.5 Armour
 + Level 5.0 Dodging
 + Level 4.0 Stealth
 * Level 6.8 Unarmed Combat
 + Level 3.4 Spellcasting
 + Level 5.2 Invocations
 + Level 3.9 Evocations


You had 12 spell levels left.
You didn't know any spells.

Dungeon Overview and Level Annotations

Branches:
Dungeon (3/15)

Altars:
Okawaru

Annotations:
D:3 GlassEater's ghost, amateur GrFi


Innate Abilities, Weirdness & Mutations

((You have very sharp fingernails.))
((You are mostly covered in slimy green scales. (AC +3)))


Message History

Okay, then.
Okay, then.
You smack the orc wizard!
The orc wizard is almost dead.
The adder barely misses you. The orc wizard casts a spell at you.
Helpless, you fail to dodge the puff of frost.
The orc hits you but does no damage.
You pummel the orc wizard!!
You kill the orc wizard!
Okawaru accepts your kill. The adder bites you but does no damage.
You smack the orc!
You kill the orc!
Okawaru accepts your kill. The adder bites you.
* * * LOW HITPOINT WARNING * * *
The orc priest invokes the aid of Beogh against you.
Beogh smites you!
You die...

. ......#..........#.. #.
...........#...###.#
##.##.........##...###.#
....##...#.[.#............##.....
>........................###.....
...........................[.....
...............)..######..#......
..............oS#####............
.....(.........)♣................
....#...##.....K#####.......###..
.........##....(............####.
....#.....######..........#......
..§.#..(..##..............#......
.####...(.##..............#......
.##....................##.#......
.##....................##.#.....#
.##....................##.##....#


You could see an orc priest, an adder and a kobold.

Vanquished Creatures
  Grinder (D:2)
  An orc priest (D:3)
  An orc wizard (D:3)
  5 adders
  An ooze (D:2)
  2 worms
  2 dart slugs (D:1)
  A leopard gecko (D:2)
  2 orcs
  5 giant cockroaches
  9 goblins
  7 hobgoblins
  7 kobolds
  A ball python (D:1)
  7 bats
  2 frilled lizards
  13 rats
67 creatures vanquished.

Notes
Turn   | Place    | Note
-------+----------+-------------------------------------------
     0 | D:1      | polly the Demonspawn Gladiator began the quest for the Orb.
     0 | D:1      | Reached XP level 1. HP: 16/16 MP: 1/1
    99 | D:1      | Gained mutation: You have sharp fingernails. [demonic ancestry]
    99 | D:1      | Reached XP level 2. HP: 19/22 MP: 2/2
   667 | D:1      | You fall through a shaft!
   890 | D:1      | Gained mutation: You have very sharp fingernails. [demonic ancestry]
   890 | D:1      | Reached XP level 3. HP: 27/28 MP: 3/3
   904 | D:1      | Reached skill level 1 in Unarmed Combat
  1602 | D:2      | Found an iron altar of Okawaru.
  1609 | D:2      | Became a worshipper of Warmaster Okawaru
  2186 | D:3      | Noticed Grinder
  2187 | D:3      | Noticed GlassEater's ghost (amateur GrFi)
  2191 | D:3      | Reached skill level 2 in Unarmed Combat
  2193 | D:3      | Paralysed by Grinder for 4 turns
  2210 | D:2      | Reached skill level 1 in Armour
  2210 | D:2      | Gained mutation: You are partially covered in slimy green scales. (AC +2) [demonic ancestry]
  2210 | D:2      | Reached XP level 4. HP: 24/34 MP: 4/4
  2665 | D:2      | Paralysed by Grinder for 7 turns
  2681 | D:2      | Killed Grinder
  2681 | D:2      | Reached * piety under Okawaru
  2681 | D:2      | Reached skill level 3 in Unarmed Combat
  2681 | D:2      | Gained mutation: You are mostly covered in slimy green scales. (AC +3) [demonic ancestry]
  2681 | D:2      | Reached XP level 5. HP: 13/39 MP: 5/5
  2681 | D:2      | Reached XP level 6. HP: 16/46 MP: 6/6
  3030 | D:3      | Reached skill level 4 in Unarmed Combat
  3083 | D:3      | HP: 1/46 [orc priest/divine providence (11)]
  3087 | D:3      | Reached skill level 5 in Dodging
  3087 | D:3      | Reached skill level 6 in Unarmed Combat
  3087 | D:3      | Reached skill level 5 in Invocations
  3087 | D:3      | Reached XP level 7. HP: 2/55 MP: 6/12
  3091 | D:3      | HP: 2/82 [adder (1)]
  3091 | D:3      | Killed from afar by an orc priest

Vault maps used:
D:1:      matt_arrival_grand_opening, minmay_rat_gold_closets
D:2:      okawaru_trees_2, nicolae_overflow_hidden_temple
D:3:      minmay_misc_feat_more_columns, uniq_grinder

Skill      XL: |  1  2  3  4  5  6 |
---------------+-------------------+-----
Dodging        | 3 5 |  5.0
Unarmed Combat | 2 3 6 |  6.8
Armour         | 1 2 4 |  4.5
Fighting       | 4 |  4.9
Stealth        | 4 |  4.0
Spellcasting   | 3 |  3.4
Invocations    | 5 |  5.2
Evocations     | 3 |  3.9
Long Blades    | |  2.9
Throwing       | |  1.7

Action                   |  1- 3 |  4- 6 |  7- 9 || total
-------------------------+-------+-------+-------++-------
Melee: Long sword        |    10 |       |       ||    10
       Unarmed           |   182 |    92 |     3 ||   277
       Punch             |       |     2 |       ||     2
Throw: Throwing net      |       |     1 |       ||     1
  Use: Potion            |       |     3 |     1 ||     4
 Stab: Held in net/web   |       |     1 |       ||     1
  Eat: Chunk             |     3 |       |       ||     3
       Bread ration      |       |     1 |       ||     1
Armor: Leather armour    |    55 |       |       ||    55
       Chain mail        |    15 |    61 |       ||    76
       Skin              |       |     2 |     6 ||     8
Dodge: Dodged            |   150 |    39 |     2 ||   191
       Rpst.: Long sword |     1 |       |       ||     1
